 Dungeon Crawl Stone Soup version 0.22-b1-26-g9dbaab1 (webtiles) character file.

200 abbott299 the Poker (level 5, -8/41 HPs)
             Began as a Merfolk Gladiator on Aug 6, 2018.
             Was an Initiate of Wu Jian.
             Killed by divine providence
             ... invoked by an orc priest
              (14 damage)
             ... on level 3 of the Dungeon.
             The game lasted 00:15:26 (3811 turns).

abbott299 the Poker (Merfolk Gladiator)             Turns: 3811, Time: 00:15:26

Health: -8/41      AC:  4    Str: 14    XL:     5   Next: 79%
Magic:  5/5        EV: 14    Int:  7    God:    Wu Jian [......]
Gold:   132        SH:  4    Dex: 17    Spells: 4/4 levels left

rFire    . . .     SeeInvis .   a - +0 trident
rCold    . . .     Gourm    .   k - +0 buckler
rNeg     . . .     Faith    .   b - +0 leather armour
rPois    .         Spirit   .   c - +0 helmet
rElec    .         Reflect  .   (no cloak)
rCorr    .         Harm     .   (no gloves)
MR       .....                  (no boots)
Stlth    +.........             (no amulet)
HPRegen  0.13/turn              (no ring)
MPRegen  0.09/turn              (no ring)

@: no status effects
A: change form in water, swift swim, stealthy swim
a: Renounce Religion


You were on level 3 of the Dungeon.
You worshipped Wu Jian.
Wu Jian was noncommittal.
You were not hungry.

You visited 1 branch of the dungeon, and saw 5 of its levels.

You collected 132 gold pieces.

Inventory:

Hand Weapons
 a - a +0 trident (weapon)
 h - a +2 dagger of speed
   (You found it on level 2 of the Dungeon)
Missiles
 d - 4 throwing nets {=f, !d}
 r - 2 tomahawks (quivered)
Armour
 b - a +0 leather armour (worn)
 c - a +0 helmet (worn)
 k - a +0 buckler (worn)
   (You found it on level 3 of the Dungeon)
Scrolls
 e - a scroll of noise {unknown}
 g - 2 scrolls of teleportation
 i - a scroll of enchant armour {unknown}
 j - 2 scrolls of remove curse
 m - a scroll of fear {unknown}
 p - a scroll of blinking {unknown}
 v - a scroll of enchant weapon {unknown}
 w - a scroll of amnesia {unknown}
Potions
 n - a potion of mutation {unknown}
 o - a potion of lignification {unknown}
 q - a potion of invisibility {unknown}
 s - a potion of flight {unknown}
 t - a potion of cancellation {unknown}
 u - a potion of heal wounds
Comestibles
 f - 5 rations
 l - 2 chunks of flesh {@w0}


   Skills:
 + Level 3.6 Fighting
 * Level 7.0 Polearms
 - Level 2.2 Throwing
 + Level 5.3 Dodging


You had 4 spell levels left.
You didn't know any spells.
Your spell library was empty.

Dungeon Overview and Level Annotations

Branches:
Dungeon (5/15)             Temple (0/1) D:5

Altars:
Ru
Wu Jian
The Shining One


Message History

You reach to attack!
The helpless adder fails to defend itself.
You hit the adder. The adder bites you but does no damage.
You are feeling hungry.
You puncture the adder!
You kill the adder!
The Council accepts your kill.
You see here an adder corpse.
You butcher the adder corpse.
l - 2 chunks of flesh {@w0} You see here an adder skeleton.
Eating one of 2 chunks of flesh {@w0}.
You eat one of the 2 chunks of flesh {@w0}.
A worm comes into view.
Attack whom?
Aim: a worm You reach to attack!
You puncture the worm!
Unknown command.
You hit the worm. You hit the worm. The worm barely misses you.
You hit the worm. You hit the worm but do no damage.
The worm barely misses you.
You barely miss the worm. You hit the worm.
You kill the worm!
The Council accepts your kill.
Your Polearms skill increases to level 7!
Okay, then.
Found an escape hatch in the ceiling.
There is an escape hatch in the ceiling here.
r - a tomahawk
Things that are here:
a flail; an orc skeleton
r - 2 tomahawks (gained 1)
You open the door.
A bat comes into view.
You closely miss the bat. You block the bat's attack.
The bat hits you but does no damage.
You lunge at the bat.
You hit the bat but do no damage. The bat hits you.
The bat hits you but does no damage.
There is an open door here.
You take 1 damage, and have 40/41 hp.
You lunge at the bat, in a flurry of attacks.
You hit the bat.
You kill the bat!
The Council accepts your kill.
You see here a bat corpse.
You butcher the bat corpse.
l - 2 chunks of flesh {@w0} (gained 1) Health restored: 41 You open the door.
There is an open door here.
t - a metallic cyan potion You now have 132 gold pieces (gained 13).
There is a stone staircase leading down here.
You open the door.
There is an open door here.
There is an open door here.
An orc wizard comes into view. It is wielding a dagger.
The orc wizard shouts!
You hear a shout!
There is an escape hatch in the ceiling here.
Attack whom?
Aim: an orc warrior, wielding a battleaxe and wearing a shiny chain mail You reach to attack!
You hit the orc warrior but do no damage.
You hit the orc warrior but do no damage.
The orc warrior hits you with a battleaxe!
You take 10 damage, and have 31/41 hp.
MASSIVE DAMAGE!!
The orc wizard gestures wildly while chanting.
The orc wizard blinks!
Attack whom?
Aim: an orc warrior, wielding a battleaxe and wearing a shiny chain mail You reach to attack!
You hit the orc warrior.
The orc wizard gestures wildly while chanting.
The orc wizard blinks!
The orc wizard casts a spell.
The orc wizard blinks!
You hit the orc warrior. The orc warrior closely misses you.
The orc wizard barely misses you.
You hit the orc warrior. You block the orc wizard's attack.
The orc priest calls upon Beogh to heal the orc warrior.
The orc warrior is healed somewhat.
The orc warrior misses you.
Okay, then.
Okay, then.
You closely miss the orc warrior. You block the orc wizard's attack.
The orc warrior misses you.
You closely miss the orc warrior.
The orc wizard casts a spell.
The orc wizard blinks!
You hit the orc warrior.
The orc warrior hits you with a battleaxe!
The orc priest mumbles some strange prayers to Beogh against you.
Beogh smites you!
* * * LOW HITPOINT WARNING * * *
You take 28 damage, and have 5/41 hp.
MASSIVE DAMAGE!!
The orc priest calls down the wrath of Beogh upon you.
Beogh smites you!
You die...

#..........#
#.#.###.##.#########
#.#.# #.##.#.o.o.o..
#.#.###.##.#.#######
#.#.....##.#o##### #
#.#..##..o.......###
#.#..##.##.#.##...##
#.#........#.#.....#
#..@.o..####.##...##
####.#### #........
##...## #####.###
#.###.# #.# #.# #.#
##'## #.###.#
##...## ##...###
##.....#
##.##.######.......
#.................


You could see an orc warrior and an orc priest.

Vanquished Creatures
  A crimson imp (D:3)
  A worker ant (D:4)
  6 adders
  2 worms
  A dart slug (D:3)
  2 leopard geckos
  2 orcs (D:3)
  8 bats
  A giant cockroach (D:2)
  8 goblins
  13 hobgoblins
  9 jackals
  2 quokkas (D:2)
  3 frilled lizards
  6 kobolds
  A leopard gecko skeleton (D:4)
  6 rats
72 creatures vanquished.

Notes
Turn   | Place    | Note
-------+----------+-------------------------------------------
     0 | D:1      | abbott299 the Merfolk Gladiator began the quest for the Orb.
     0 | D:1      | Reached XP level 1. HP: 16/16 MP: 1/1
   176 | D:1      | Found a glowing golden altar of the Shining One.
   250 | D:1      | Reached XP level 2. HP: 14/23 MP: 2/2
   692 | D:2      | Found a sacrificial altar of Ru.
   784 | D:1      | Reached skill level 5 in Polearms
   864 | D:1      | Reached XP level 3. HP: 26/28 MP: 3/3
  1730 | D:2      | Reached XP level 4. HP: 34/34 MP: 4/4
  2057 | D:3      | Reached skill level 3 in Fighting
  2377 | D:3      | Reached skill level 6 in Polearms
  2377 | D:3      | Reached skill level 5 in Dodging
  2377 | D:3      | Reached XP level 5. HP: 41/41 MP: 5/5
  2495 | D:3      | HP: 10/41 [poisoned by a kobold]
  2501 | D:3      | HP: 8/41 [poisoned by a kobold]
  2506 | D:3      | HP: 7/41 [poisoned by a kobold]
  2513 | D:3      | HP: 6/41 [poisoned by a kobold]
  2521 | D:3      | HP: 5/41 [poisoned by a kobold]
  2828 | D:2      | Found an ornate altar of the Wu Jian Council.
  2833 | D:2      | Became a worshipper of the Wu Jian Council
  2988 | D:3      | Noticed an orc warrior
  3073 | D:5      | Entered Level 5 of the Dungeon
  3073 | D:5      | Found a staircase to the Ecumenical Temple.
  3314 | D:4      | HP: 8/41 [orc/whip of electrocution (13)]
  3602 | D:3      | Reached skill level 7 in Polearms
  3800 | D:3      | HP: 5/41 [orc priest/divine providence (15)]
  3811 | D:3      | Killed from afar by an orc priest

Skill      XL: |  1  2  3  4  5 |
---------------+----------------+-----
Polearms       | 5 6 7 |  7.0
Fighting       | 3 |  3.6
Dodging        | 5 |  5.3
Throwing       | |  2.2

Action                   |  1- 3 |  4- 6 || total
-------------------------+-------+-------++-------
Melee: Trident           |   129 |   113 ||   242
Throw: Tomahawk          |       |    26 ||    26
Invok: Lunge             |       |     2 ||     2
  Use: Scroll            |       |     5 ||     5
       Potion            |       |     2 ||     2
 Stab: Sleeping          |     2 |     2 ||     4
  Eat: Chunk             |     3 |     6 ||     9
Armor: Leather armour    |    19 |    18 ||    37
Dodge: Dodged            |    62 |    51 ||   113
Block: Buckler           |       |     8 ||     8

Vault maps used:
D:1:      evilmike_arrival_rings, minmay_misc_feat_ornament, tso_altar
D:2:      lemuel_upstairs_altar, nicolae_ru_sacrificial_ziggurat, serial_bayou,
          serial_bayou_ford_a, serial_bayou_lagoon_b, serial_bayou_crossing,
          serial_bayou_pond_c
D:3:      minmay_misc_feat_cross
D:4:      black_bear_nest_2, first_ration, grunt_decor_cap
D:5:      kennysheep_mini, minmay_temple_entry_overgrown, minivault_26

Table legend:
 A = Turns spent in this place as a percentage of turns spent in the entire game.
 B = Non-inter-level travel turns spent in this place as a percentage of non-inter-level travel turns spent in the entire game.
 C = Inter-level travel turns spent in this place as a percentage of turns spent in this place.
 D = Turns resting spent in this place as a percentage of non-inter-level travel turns spent in this place.
 E = Turns spent auto-exploring this place as a percentage of non-inter-level travel turns spent in this place.
 F = Non-inter-level travel turns spent in this place divided by the number of levels of this place that you've seen.
                   A       B       C       D       E      F
               +-------+-------+-------+-------+-------+----------------------
         Total | 100.0 | 100.0 |   1.2 |  19.8 |  57.6 | 753.2
       Dungeon | 100.0 | 100.0 |   1.2 |  19.8 |  57.6 | 753.2
               +-------+-------+-------+-------+-------+----------------------

Table legend:
 A = Kills in this place as a percentage of kills in entire the game.
 B = Kills by you in this place as a percentage of kills by you in the entire game.
 C = Kills by friends in this place as a percentage of kills by friends in the entire game.
 D = Other kills in this place as a percentage of other kills in the entire game.
 E = Experience gained in this place as a percentage of experience gained in the entire game.
 F = Experience gained in this place divided by the number of levels of this place that you have seen.
                   A       B       C       D       E      F
               +-------+-------+-------+-------+-------+----------------------
         Total | 100.0 | 100.0 |   N/A |   N/A | 100.0 |  57.4
       Dungeon | 100.0 | 100.0 |   N/A |   N/A | 100.0 |  57.4
               +-------+-------+-------+-------+-------+----------------------
